AoeStats
← Knoppix

Arabia

504506410Analyzed
1v1 RM · 28d ago on Sep 5, 2026· 45m 56s· 2 players
Game mode
Random Map
Map size
Tiny (2 player)
Population
200
Speed
Normal
Resources
Standard
Victory
Conquest
Starting age
Dark Age
Ending age
Imperial Age
RankedLock teamsTeams togetherTeam positionsShared explorationLock speedFull tech treeHidden civsTurbo modeCheats
Victory
Defeat
🇺🇸 Spanish · United States
783
+17
🇩🇪 Vietnamese · Germany
810
-17
sebz
12:24 Feudal Age
13:08 Double-Bit Axe
15:39 Stone Mining
15:38 Horse Collar
20:25 Bloodlines
22:22 Castle Age
22:25 Loom
32:50 Fletching
35:07 Bodkin Arrow
44:53 Gold Mining
Knoppix
5:10 Loom
13:07 Feudal Age
13:56 Double-Bit Axe
15:24 Wheelbarrow
15:51 Fletching
19:31 Horse Collar
22:52 Bloodlines
24:10 Padded Archer Armor
27:55 Castle Age
29:21 Thumb Ring
28:39 Crossbowman
29:17 Bodkin Arrow
29:31 Pikeman
32:52 Leather Archer Armor
34:39 Bow Saw
34:32 Heavy Plow
38:28 Hand Cart
39:18 Squires
Connection lost

Rejoining the realm…

Still unreachable

The connection could not be restored.

Session expired

The server has moved on; the page needs a fresh start.